 Dungeon Crawl Stone Soup version 0.31-a0-931-g7b59d4eb97 (webtiles) character file.

Game seed: 8851626328158080241

91 BinkBink the Ruffian (level 4, 0/40 HPs)
             Began as a Ghoul Monk on Oct 18, 2023.
             Slain by a black bear (6 damage)
             ... on level 3 of the Dungeon.
             The game lasted 00:02:17 (1693 turns).

BinkBink the Ruffian (Ghoul Monk)                   Turns: 1693, Time: 00:02:18

Health: 0/40       AC:  3    Str: 16    XL:     4   Next: 57%
Magic:  3/3        EV: 12    Int:  5    God:
Gold:   146        SH:  0    Dex: 11    Spells: 3/3 levels left

rFire   . .          .
                       - Unarmed
rCold   + . .        c - orb {light}
rNeg    + + +        h - +0 leather armour
rPois   ∞            (no helmet)
rElec   .            (no cloak)
rCorr   .            (no gloves)
SInv    .            (no boots)
Will    .....        (no amulet)
Stlth   +            (no ring)
HPRegen 0.00/turn    (no ring)
MPRegen 0.08/turn

%: no passive effects
@: inhibited regen, glowing
A: claws 1, cold resistance 1, negative energy resistance 3, inhibited
regeneration, torment resistance 2, devour on kill
a: no special abilities


You were on level 3 of the Dungeon.
You visited 1 branch of the dungeon, and saw 4 of its levels.

You collected 146 gold pieces.

Inventory:

Armour
 a - a +0 robe
 c - an orb of light (worn)
 h - a +0 leather armour (worn)
Jewellery
 r - a +4 ring of protection
Scrolls
 f - a scroll of blinking {unknown}
 g - 2 scrolls of identify {unknown}
 i - a scroll of fear {unknown}
 j - a scroll of revelation {unknown}
 l - a scroll of fog {unknown}
 m - a scroll of teleportation {unknown}
 p - 2 scrolls of immolation {unknown}
Potions
 b - a potion of ambrosia
 d - 3 potions of heal wounds {unknown}
 e - a potion of invisibility {unknown}
 k - a potion of degeneration {unknown}
 n - a potion of berserk rage {unknown}
 o - a potion of might {unknown}
 q - a potion of curing {unknown}


   Skills:
 * Level 4.3 Fighting
 + Level 0.9 Armour
 + Level 2.9 Dodging
 + Level 1.0 Stealth
 * Level 4.3 Unarmed Combat


You had 3 spell levels left.
You didn't know any spells.
Your spell library contained the following spells:

 Spells                   Type           Power      Damage    Failure   Level
 Shock                    Conj/Air       0%         1d3       54%         1
 Slow                     Hex            0%         N/A       54%         1
 Confusing Touch          Hex            0%         N/A       89%         3
 Sigil of Binding         Hex            0%         N/A       89%         3
 Swiftness                Air            0%         N/A       89%         3
 Vampiric Draining        Necr           0%         2d6       89%         3
 Airstrike                Air            0%         2d(0-16)  100%        4
 Brom's Barrelling Bould  Conj/Erth      0%         2d3       100%        4
 Fireball                 Conj/Fire      0%         3d3       100%        5
 Iskenderun's Battlesphe  Conj           0%         2d6       100%        5
 Conjure Ball Lightning   Conj/Air       0%         3x3d6     100%        6
 Orb of Destruction       Conj           0%         9d5       100%        7


Dungeon Overview and Level Annotations

Branches:
Dungeon (4/15)
 Temple: D:4-7

Altars:


Innate Abilities, Weirdness & Mutations

You are immune to poison.
You have sharp fingernails.
Your flesh is cold resistant. (rC+)
You are immune to negative energy. (rN+++)
You do not regenerate when monsters are visible.
You are immune to unholy pain and torment.
You thrive by killing the living.


Message History

The black bear bites you.
The black bear claws you but does no damage.
The black bear barely misses you.
You barely miss the black bear.
The black bear is moderately wounded.
The black bear barely misses you. x2; The black bear misses you.
You scratch the black bear.
The black bear is moderately wounded.
The black bear bites you. The black bear barely misses you.
The black bear closely misses you.
You claw the black bear!
The black bear is heavily wounded.
The black bear bites you. The black bear claws you.
The black bear barely misses you.
You scratch the black bear but do no damage.
The black bear is heavily wounded.
The black bear closely misses you. The black bear claws you. x2
You scratch the black bear.
The black bear is severely wounded.
The black bear barely misses you. The black bear claws you.
The black bear claws you but does no damage.
You scratch the black bear.
The black bear is severely wounded.
The black bear goes berserk!
You barely miss the black bear.
The black bear is severely wounded.
The black bear bites you.
The black bear claws you but does no damage.
The black bear claws you.
You are too injured to fight recklessly!
You scratch the black bear.
The black bear is almost dead.
The black bear closely misses you. The black bear claws you.
* * * LOW HITPOINT WARNING * * *
The black bear claws you.
* * * LOW HITPOINT WARNING * * *
You barely miss the black bear.
The black bear is almost dead.
The black bear bites you.
You die...

#. #. ###
#. #... #.
#... #.
#.... #.
##....###
#.
......h.#
#( #@# #.
#. #.# #.#
#. #.# #.#
#. #.# #.#
#.
##########
#.# ###
#.# #.
#.....)..#
#.###..
#.# #.
#........#
#...#.#
#.######.
#........#
###.#.#
#........
#........#
#.#.#
#.#######


You could see a black bear (berserk).

Vanquished Creatures
  5 adders
  A dart slug (D:1)
  5 orcs (D:3)
  2 ball pythons (D:1)
  3 endoplasms
  4 giant cockroaches
  2 goblins
  2 hobgoblins
  4 jackals (D:2)
  6 bats
  3 frilled lizards
  3 kobolds
  A rat (D:1)
41 creatures vanquished.

Notes
Turn   | Place    | Note
-------+----------+-------------------------------------------
     0 | D:1      | BinkBink the Ghoul Monk began the quest for the Orb.
     0 | D:1      | Reached XP level 1. HP: 19/19 MP: 0/0
   150 | D:1      | Reached XP level 2. HP: 26/26 MP: 1/1
   202 | D:1      | Found a faded altar of an unknown god.
   560 | D:2      | Reached XP level 3. HP: 33/33 MP: 2/2
  1396 | D:3      | You fall into a shaft and drop 1 floor!
  1456 | D:4      | Noticed a scorpion
  1470 | D:3      | Reached XP level 4. HP: 34/40 MP: 3/3
  1538 | D:3      | Reached skill level 1 in Stealth
  1683 | D:3      | Noticed a black bear
  1693 | D:3      | Slain by a black bear

Illustrated notes

Levels and vault maps discovered:
D:1:      roadster_arrival_rocket_small, layout_rooms,
          dreamdust_ecumenical_altar_statues, serial_park_tiny_pond,
          minmay_box_of_dots
D:2:      layout_loops_ring, serial_bayou_lake_a
D:3:      layout_basic, uniq_natasha
D:4:      layout_basic, minmay_temple_entry_statues_fountains,
          corexii_checkpoint_a, nicolae_nh_ransacked_shop, uniq_ijyb

Skill      XL: |  1  2  3  4 |
---------------+-------------+-----
Unarmed Combat | 4 |  4.3
Fighting       | 4 |  4.3
Stealth        | 1 |  1.0
Armour         | |  0.9
Dodging        | |  2.9

Action                     |  1- 3 |  4- 6 || total
---------------------------+-------+-------++-------
  Melee: Unarmed           |    91 |    31 ||   122
 Armour: Robe              |    28 |       ||    28
         Leather armour    |    15 |    22 ||    37
  Dodge: Dodged            |    57 |    19 ||    76

Table legend: (Time is in decaauts)
 A = Elapsed time spent in this place.
 B = Non-inter-level travel time spent in this place.
 C = Inter-level travel time spent in this place.
 D = Time resting spent in this place.
 E = Time spent auto-exploring this place.
 F = Levels seen in this place.
 G = Mean time per level.
                   A        B        C        D        E       F      G
               +--------+--------+--------+--------+--------+-----+--------+
         Total |   1706 |   1650 |     56 |    156 |   1242 |   4 |  426.5 |
       Dungeon |   1706 |   1650 |     56 |    156 |   1242 |   4 |  426.5 |
               +--------+--------+--------+--------+--------+-----+--------+

Top non-repeatable levels by time:
     D:2: 763 daAuts
     D:1: 538 daAuts
     D:3: 342 daAuts
     D:4: 62 daAuts
